 Dungeon Crawl Stone Soup version 0.22.1-1-ga44c0e5 (webtiles) character file.

160358 nightchill the Brawler (level 17, -6/156 HPs)
             Began as a Ghoul Monk on Sept 22, 2018.
             Was a High Priest of Okawaru.
             Mangled by a shock serpent (11 damage)
             ... on level 4 of the Snake Pit on Sept 23, 2018.
             The game lasted 02:23:31 (36416 turns).

nightchill the Brawler (Ghoul Monk)                Turns: 36416, Time: 02:23:32

Health: -6/156     AC: 28    Str: 19    XL:     17   Next: 46%
Magic:  32/32      EV:  8    Int:  8    God:    Okawaru [*****.]
Gold:   2128       SH: 15    Dex: 16    Spells: 14/16 levels left

rFire    . . .     SeeInvis .     - Unarmed
rCold    + . .     Gourm    .   w - +0 shield
rNeg     + + +     Faith    .   y - +2 crystal plate armour
rPois    ∞         Spirit   .   H - +0 helmet of Qazlal's Condemnation {Dex+5}
rElec    .         Reflect  .   (no cloak)
rCorr    .         Harm     .   (no gloves)
MR       ++...                  (no boots)
Stlth    ..........             s - amulet of the acrobat
HPRegen  0.00/turn              l - ring of magical power
MPRegen  0.23/turn              Y - ring of protection from magic

@: heroism, very slightly contaminated, rotting
A: rotting body, claws 1, carnivore, cold resistance 1, negative energy
resistance 3, inhibited regeneration, torment resistance, unbreathing
}: 1/15 runes: decaying
a: Heroism, Finesse, Renounce Religion


You were on level 4 of the Snake Pit.
You worshipped Okawaru.
Okawaru was extremely pleased with you.
You were not hungry.

You visited 4 branches of the dungeon, and saw 28 of its levels.
You also visited: Ossuary.

You collected 2128 gold pieces.

Inventory:

Hand Weapons
 T - a +0 fustibalus of venom
 U - a +0 blowgun
Missiles
 t - 184 sling bullets
 v - 8 poisoned javelins
 F - 6 javelins of penetration (quivered)
 K - 4 curare-tipped needles
 W - 3 silver tomahawks
Armour
 h - a +4 scale mail of magic resistance
 r - a scarf of spirit shield
 w - a +0 shield (worn)
 y - a +2 crystal plate armour (worn)
 H - the +0 helmet of Qazlal's Condemnation (worn) {Dex+5}
   (You found it on level 14 of the Dungeon)

   It affects your dexterity (+5).
 P - the +0 hat "Daidgh" {-Cast Str+6 SInv}
   (You acquired it on level 2 of the Lair of Beasts)

   It affects your strength (+6).
   It lets you see invisible.
   It prevents spellcasting.
Jewellery
 l - a ring of magical power (left claw)
 s - an amulet of the acrobat (around neck)
 N - an uncursed ring of wizardry
 Y - a ring of protection from magic (right claw)
Wands
 d - a wand of disintegration (12)
 n - a wand of random effects (31)
 z - a wand of clouds (7)
 A - a wand of paralysis (38)
 B - a wand of enslavement (71)
 E - a wand of polymorph (14)
 L - a wand of digging (28)
Scrolls
 a - 5 scrolls of identify
 c - 3 scrolls of blinking
 e - a scroll of torment
 g - 8 scrolls of teleportation
 D - 4 scrolls of amnesia
 G - 3 scrolls of enchant weapon
 M - 12 scrolls of remove curse
 O - 6 scrolls of enchant armour
 Q - 2 scrolls of fear
 R - 2 scrolls of immolation
 X - a scroll of summoning
Potions
 f - 4 potions of haste
 i - 12 potions of curing
 j - 2 potions of might
 k - a potion of magic
 o - 3 potions of heal wounds
 q - a potion of mutation
 u - 5 potions of flight
 x - 3 potions of invisibility
 J - 3 potions of resistance
 S - a potion of agility
 V - a potion of brilliance
Miscellaneous
 m - a phantom mirror
Comestibles
 b - 55 rations
 p - 5 chunks of flesh


   Skills:
 + Level 15.3(20.3) Fighting
 - Level 1.0(6.0) Throwing
 + Level 11.9(16.9) Armour
 - Level 4.2(9.2) Dodging
 - Level 2.1(7.1) Stealth
 + Level 11.6(16.6) Shields
 + Level 16.6(21.6) Unarmed Combat
 - Level 2.5 Necromancy
 - Level 10.0 Invocations
 + Level 9.5 Evocations


You had 14 spell levels left.
You knew the following spells:

 Your Spells              Type           Power        Failure   Level  Hunger
a - Animate Skeleton      Necr           N/A          100%        1    ##.....
b - Apportation           Tloc           #.....       100%        1    ##.....

Your spell library contained the following spells:

 Spells                   Type           Power        Failure   Level  Hunger
 Confusing Touch          Hex            #.....       100%        1    ##.....
 Pain                     Necr           #...         100%        1    ##.....
 Shock                    Conj/Air       #...         100%        1    ##.....
 Summon Small Mammal      Summ           #...         100%        1    ##.....
 Ensorcelled Hibernation  Hex/Ice        #.....       100%        2    ###....
 Swiftness                Chrm/Air       #.......     100%        2    ###....
 Regeneration             Chrm/Necr      #.........   100%        3    ####...
 Static Discharge         Conj/Air       #.......     100%        3    ####...
 Vampiric Draining        Necr           #.........   100%        3    ####...
 Airstrike                Air            #.........   100%        4    #####..
 Animate Dead             Necr           N/A          100%        4    #####..
 Leda's Liquefaction      Hex/Erth       #.........   100%        4    #####..
 Summon Lightning Spire   Summ/Air       #.......     100%        4    #####..
 Bolt of Magma            Conj/Fire/Erth #.........   100%        5    ######.
 Borgnjor's Vile Clutch   Necr/Erth      #.........   100%        5    ######.
 Iskenderun's Battlesphe  Conj/Chrm      #.......     100%        5    ######.
 Lightning Bolt           Conj/Air       #.........   100%        5    ######.
 Silence                  Hex/Air        #.........   100%        5    ######.
 Venom Bolt               Conj/Pois      #.........   100%        5    ######.
 Conjure Ball Lightning   Conj/Air       #.........   100%        6    #######
 Darkness                 Hex            #.........   100%        6    #######
 Deflect Missiles         Chrm/Air       #.........   100%        6    #######
 Iron Shot                Conj/Erth      #.........   100%        6    #######
 Shadow Creatures         Summ           N/A          100%        6    #######
 Orb of Destruction       Conj           #.........   100%        7    #######
 Spellforged Servitor     Conj/Summ      #.........   100%        7    #######
 Shatter                  Erth           #.........   100%        9    #######
 Tornado                  Air            #.........   100%        9    #######
 Statue Form              Tmut/Erth      Unusable     N/A         6    N/A

Dungeon Overview and Level Annotations

Branches:
Dungeon (15/15)            Temple (0/1) D:4            Lair (5/6) D:10
  Swamp (4/4) Lair:2        Snake (4/4) Lair:4        Slime (0/5) Lair:5
    Orc (0/2) D:9          Vaults (0/5) D:13         Depths (0/5) D:15

Altars:
Ashenzari
Cheibriados
Dithmenos
Fedhas
Gozag
Hepliaklqana
Makhleb
Okawaru
Sif Muna
Vehumet
Wu Jian
Zin

Shops:
D:4 (   D:5 [   D:9 *:   D:10 [   D:13 %

Annotations:
D:6 3 runed doors, exclusion: 3 doors, dscm's ghost, weakling DsGl
D:8 distortion weapn
D:14 exclusion: downstairs
Swamp:1 exclusion: downstairs
Swamp:2 !thorn hunter
Swamp:3 1 runed door, exclusion: door, Xoff's ghost, journeyman MiFi
Snake:3 1 runed door, exclusion: door


Innate Abilities, Weirdness & Mutations

Your body is rotting away.
You thrive on raw meat.
You are immune to poison.
You have sharp fingernails.
You are carnivorous and can eat meat at any time.
Your flesh is cold resistant. (rC+)
You are immune to negative energy. (rN+++)
You do not regenerate when monsters are visible.
You are immune to unholy pain and torment.
You can survive without breathing.


Message History

You feel much better.
The shock serpent bites you but does no damage. x2
Your crystal plate armour prevents you from hitting the shock serpent.
You block the shock serpent's attack.
You claw the shock serpent!
The shock serpent is moderately wounded.
The shock serpent's electric aura discharges, shocking you!
* * * LOW HITPOINT WARNING * * *
The shock serpent shoots out a bolt of lightning at you!
The bolt of electricity hits you!
* * * LOW HITPOINT WARNING * * *
Blink to where?
Press: ? - help, Dir - move target cursor You are very lightly contaminated with residual magic.
As you read the scroll of blinking, it crumbles to dust.
As you read the scroll of fog, it crumbles to dust.
The scroll dissolves into smoke.
As you read the scroll of fog, it crumbles to dust.
The scroll dissolves into smoke.
The shock serpent bites you!
You die...

### ############## ####
..######........§.§.##########...
..............§..§§§§§§§.........
...<..........§§§§§§§§§..........
...............§@S§§§§§..........
#..............§§#####§..........
##..........###### *#§..........
##.........##*******#........)†..
.............,,,,,,,#....S...)...
...)..........,,,,,............./
..............,,,,,..............
.........##**,,,,,,,.............
.######### **,,,,,,,.............


You could see a shock serpent.

Vanquished Creatures
  Vashnia (Snake:2)
  2 thorn hunters (Swamp:2)
  2 nagarajas
  A very ugly thing (Swamp:2)
  Azrael (Snake:1)
  A yaktaur captain (D:15)
  A death knight (D:15)
  11 naga warriors
  7 centaur warriors
  2 ghost crabs
  18 hydras
  6 anacondas
  2 catoblepae
  9 alligators
  2 two-headed ogres
  3 death yaks (Lair:4)
  Urug (Lair:1)
  13 naga sharpshooters
  7 shock serpents
  A salamander mystic (Snake:4)
  3 sea snakes (Snake:4)
  4 unseen horrors
  4 naga ritualists
  A wizard (D:14)
  2 spriggan druids
  A swamp dragon (shapeshifter) (D:13)
  2 shambling mangroves
  7 swamp dragons
  A wolf spider (D:13)
  A deep elf mage (D:14)
  An oklob plant (D:10)
  8 mana vipers
  3 manticores
  5 ugly things
  3 cyclopes
  7 salamanders
  26 black mambas
  12 naga magi
  3 guardian serpents
  Joseph (D:7)
  2 gargoyles
  17 spiny frogs
  A yaktaur (D:15)
  4 komodo dragons
  2 kobold demonologists (D:14)
  An efreet (D:13)
  11 tyrant leeches
  8 blink frogs
  Prince Ribbit (D:7)
  6 hornets
  2 hippogriffs
  16 slime creatures
  2 bog bodies
  7 dream sheep (Lair:5)
  2 spriggans
  A vampire (D:9)
  3 wraiths
  2 shadows
  A centaur simulacrum (D:14)
  3 fire elementals
  2 wyverns (Lair:5)
  13 yaks
  Grum (Lair:1)
  2 hungry ghosts
  12 vampire mosquitoes
  2 basilisks
  2 steam dragons
  Menkaure (D:7)
  An acid dragon (D:13)
  3 insubstantial wisps (Swamp:2)
  11 swamp worms
  38 nagas
  10 water moccasins
  5 hell hounds
  6 porcupines
  Duvessa (D:7)
  10 swamp drakes
  5 orc warriors
  2 ice beasts
  2 sky beasts (D:15)
  A hornet zombie (D:14)
  3 necrophages
  A black bear (Lair:2)
  2 phantoms (D:10)
  8 ogres
  28 wolves
  13 centaurs
  5 crocodiles
  2 elf zombies (Ossuary)
  2 big kobolds (D:14)
  13 bullfrogs
  A wyvern skeleton (D:11)
  2 scorpions
  Dowan (D:7)
  3 killer bees (D:9)
  7 howler monkeys
  6 crimson imps
  4 centaur zombies
  6 jellies
  A bullfrog zombie (D:5)
  3 human zombies (Ossuary)
  10 orc wizards
  7 centaur skeletons
  8 hounds
  2 bullfrog skeletons
  7 orc priests
  3 iron imps (D:3)
  3 iguanas
  9 worker ants
  A killer bee zombie (D:10)
  3 hound zombies
  A hound skeleton (D:6)
  4 mummies
  7 gnolls
  9 adders
  5 shadow imps
  An ooze (D:4)
  5 adder zombies
  2 adder skeletons
  5 worms
  A dart slug (D:4)
  7 leopard geckos
  32 orcs
  3 giant cockroaches
  17 goblins
  6 hobgoblins
  4 jackals (D:1)
  8 kobolds
  4 quokkas
  5 bats
  5 frilled lizards
  3 goblin zombies (Ossuary)
  A hobgoblin zombie (Ossuary)
  4 jackal zombies (Ossuary)
  7 kobold zombies (Ossuary)
  2 orc zombies (Ossuary)
  2 quokka zombies (Ossuary)
  4 rats
  2 rat zombies (Ossuary)
  A fungus (Lair:2)
  2 plants (D:10)
731 creatures vanquished.

Vanquished Creatures (others)
  A swamp drake (Swamp:2)
  4 fungi (Swamp:3)
  3 withered plants (Swamp:3)
8 creatures vanquished.

Grand Total: 739 creatures vanquished

Notes
Turn   | Place    | Note
-------+----------+-------------------------------------------
     0 | D:1      | nightchill the Ghoul Monk began the quest for the Orb.
     0 | D:1      | Reached XP level 1. HP: 19/19 MP: 0/0
   179 | D:1      | Reached XP level 2. HP: 24/26 MP: 1/1
   251 | D:1      | Reached skill level 4 in Unarmed Combat
   401 | D:1      | Reached XP level 3. HP: 33/33 MP: 2/2
   893 | D:2      | Found a snail-covered altar of Cheibriados.
   896 | D:2      | Noticed a bullfrog
   916 | D:2      | Killed a bullfrog
   916 | D:2      | Reached skill level 5 in Unarmed Combat
   916 | D:2      | Reached XP level 4. HP: 5/40 MP: 3/3
  1258 | D:2      | Found a radiant altar of Vehumet.
  1307 | D:2      | Found a shattered altar of Ashenzari.
  1702 | D:2      | Reached XP level 5. HP: 47/47 MP: 4/4
  1717 | D:2      | Found an iron altar of Okawaru.
  2003 | D:2      | Became a worshipper of Warmaster Okawaru
  2003 | D:2      | Reached * piety under Okawaru
  2003 | D:2      | Reached ** piety under Okawaru
  2300 | D:3      | Found a hazy altar of Hepliaklqana.
  2484 | D:3      | Found a burning altar of Makhleb.
  2523 | D:3      | Reached skill level 1 in Invocations
  2527 | D:3      | Reached skill level 6 in Unarmed Combat
  2527 | D:3      | Reached XP level 6. HP: 46/55 MP: 2/6
  2923 | D:4      | Reached skill level 5 in Fighting
  2930 | D:4      | Found a staircase to the Ecumenical Temple.
  3302 | D:4      | Found Uqeobbom's Antique Weapon Shop.
  3302 | D:4      | Found a blossoming altar of Fedhas.
  3309 | D:4      | Reached XP level 7. HP: 58/61 MP: 7/7
  3372 | D:4      | Reached skill level 7 in Unarmed Combat
  3883 | D:5      | Entered Level 5 of the Dungeon
  3959 | D:5      | Reached *** piety under Okawaru
  4105 | D:5      | Found Wuunyihi's Armour Boutique.
  4158 | D:5      | Reached skill level 8 in Unarmed Combat
  4158 | D:5      | Reached XP level 8. HP: 50/70 MP: 9/9
  5095 | D:6      | Noticed a hornet
  5104 | D:6      | Killed a hornet
  5104 | D:6      | Reached **** piety under Okawaru
  5104 | D:6      | Reached skill level 9 in Unarmed Combat
  5104 | D:6      | Reached skill level 5 in Invocations
  5415 | D:6      | Found a runed gate.
  5415 | D:6      | Found a runed gate.
  5415 | D:6      | Found a runed gate.
  5415 | D:6      | Noticed dscm's ghost (weakling DsGl)
  5415 | D:6      | Noticed a kobold demonologist
  5453 | D:6      | Reached XP level 9. HP: 77/77 MP: 11/11
  5701 | D:6      | Found a deep blue altar of Sif Muna.
  5968 | D:7      | Noticed Prince Ribbit
  5975 | D:6      | Reached skill level 10 in Unarmed Combat
  5991 | D:7      | Killed Prince Ribbit
  5991 | D:7      | Reached skill level 1 in Armour
  6086 | D:7      | Found a sand-covered staircase.
  6100 | Ossuary  | Entered an ossuary
  6616 | D:7      | Noticed Dowan
  6637 | D:7      | Killed Dowan
  6656 | D:7      | Noticed Duvessa
  6668 | D:7      | Killed Duvessa
  6797 | D:7      | Found a glowing silver altar of Zin.
  7013 | D:7      | Noticed Menkaure
  7021 | D:7      | Killed Menkaure
  7068 | D:7      | Noticed Joseph
  7085 | D:7      | Killed Joseph
  7085 | D:7      | Reached skill level 11 in Unarmed Combat
  7085 | D:7      | Reached XP level 10. HP: 58/87 MP: 11/14
  7594 | D:8      | Found an ornate altar of the Wu Jian Council.
  7892 | D:8      | Reached ***** piety under Okawaru
  8258 | D:8      | Reached skill level 1 in Shields
  8617 | D:9      | Found Gozag's Platinum Reserve.
  8642 | D:9      | Found Qoadufif's Book Shoppe.
  8965 | D:9      | Found a staircase to the Orcish Mines.
  9338 | D:9      | Found an opulent altar of Gozag.
  9592 | D:10     | Entered Level 10 of the Dungeon
  9600 | D:10     | Identified a scroll of acquirement
  9691 | D:10     | Noticed a gargoyle
  9704 | D:10     | Killed a gargoyle
  9875 | D:10     | Found Betann's Armour Emporium.
  9898 | D:10     | Reached XP level 11. HP: 92/92 MP: 16/16
 10064 | D:10     | Noticed an oklob plant
 10123 | D:10     | Found a staircase to the Lair.
 10227 | D:10     | Killed an unseen horror
 10731 | D:10     | Killed an oklob plant
 10731 | D:10     | Reached skill level 5 in Armour
 10731 | D:10     | Reached skill level 12 in Unarmed Combat
 10747 | Lair:1   | Entered Level 1 of the Lair of Beasts
 10762 | Lair:1   | Noticed Grum
 10777 | Lair:1   | Killed Grum
 10940 | Lair:1   | Noticed Urug
 10956 | Lair:1   | Killed Urug
 11298 | Lair:1   | Reached skill level 10 in Fighting
 11339 | Lair:1   | Received a gift from Okawaru
 11378 | Lair:1   | Noticed a four-headed hydra
 11386 | Lair:1   | Killed a four-headed hydra
 11386 | Lair:1   | Reached skill level 1 in Throwing
 12058 | Lair:1   | Reached XP level 12. HP: 104/107 MP: 17/17
 12096 | Lair:1   | Reached skill level 5 in Shields
 12611 | Lair:1   | Received a gift from Okawaru
 12770 | Lair:2   | Found a staircase to the Swamp.
 12960 | Lair:2   | Got a scorched hat
 12971 | Lair:2   | Identified the +0 hat "Daidgh" {-Cast Str+6 SInv} (You
                  | acquired it on level 2 of the Lair of Beasts)
 13516 | Lair:3   | Received a gift from Okawaru
 13853 | Lair:3   | Noticed a five-headed hydra
 13864 | Lair:3   | Killed a five-headed hydra
 13864 | Lair:3   | Reached skill level 13 in Unarmed Combat
 13864 | Lair:3   | Reached skill level 10 in Invocations
 14218 | Lair:3   | Noticed a catoblepas
 14230 | Lair:3   | Killed a catoblepas
 14871 | Lair:4   | Found a staircase to the Snake Pit.
 14937 | Lair:4   | Noticed a death yak
 14939 | Lair:4   | Noticed a death yak
 14940 | Lair:4   | Noticed a death yak
 15039 | Lair:4   | Killed a death yak
 15047 | Lair:4   | Killed a death yak
 15057 | Lair:4   | Killed a death yak
 15363 | Lair:4   | Reached XP level 13. HP: 110/115 MP: 19/19
 15712 | Lair:5   | Reached skill level 1 in Evocations
 15767 | Lair:5   | Found a staircase to the Slime Pits.
 16602 | Swamp:1  | Entered Level 1 of the Swamp
 16964 | Swamp:1  | Received a gift from Okawaru
 18230 | Swamp:2  | Noticed a thorn hunter
 18563 | Swamp:2  | Reached skill level 14 in Unarmed Combat
 18778 | Swamp:2  | Noticed a purple very ugly thing
 18796 | Swamp:2  | Killed a purple very ugly thing
 19307 | Swamp:2  | Reached XP level 14. HP: 105/126 MP: 20/20
 19431 | Swamp:2  | Killed a thorn hunter
 19431 | Swamp:2  | Received a gift from Okawaru
 20122 | Swamp:2  | Noticed a thorn hunter
 20238 | Swamp:2  | Killed a thorn hunter
 20282 | Swamp:3  | Found a runed door.
 20285 | Swamp:3  | Noticed Xoff's ghost (journeyman MiFi)
 20903 | Swamp:3  | Reached skill level 5 in Evocations
 21963 | Swamp:3  | Found a shadowy altar of Dithmenos.
 22492 | Snake:1  | Entered Level 1 of the Snake Pit
 23940 | Snake:2  | Noticed Azrael
 24020 | Snake:1  | Killed Azrael
 24318 | Snake:2  | Reached XP level 15. HP: 91/133 MP: 20/21
 24528 | Snake:2  | Reached skill level 15 in Unarmed Combat
 24598 | Snake:2  | Noticed Vashnia
 24641 | Snake:2  | Killed Vashnia
 24641 | Snake:2  | Received a gift from Okawaru
 24641 | Snake:2  | Reached skill level 10 in Armour
 24656 | Snake:2  | Received a gift from Okawaru
 24969 | Snake:2  | Noticed a nagaraja
 24984 | Snake:2  | Killed a nagaraja
 25242 | Snake:2  | Received a gift from Okawaru
 25387 | Snake:2  | HP: 6/137 [guardian serpent (1)]
 25740 | Snake:2  | Received a gift from Okawaru
 25898 | Snake:2  | Reached skill level 10 in Shields
 26717 | Snake:3  | Received a gift from Okawaru
 26761 | Snake:3  | Got a distressingly furry cloak {god gift}
 26772 | Snake:3  | Identified the -1 cloak of Bocuplim {Str-5 Int+4 Dex+3}
                  | (Okawaru gifted it to you on level 3 of the Snake Pit)
 26971 | Snake:3  | Reached XP level 16. HP: 67/146 MP: 22/22
 27576 | Snake:3  | Found a runed door.
 29648 | D:12     | Learned a level 1 spell: Animate Skeleton
 29650 | D:12     | Learned a level 1 spell: Apportation
 29668 | D:13     | Found a gate to the Vaults.
 30367 | D:13     | Found Qoip's Food Boutique.
 30413 | D:13     | Reached skill level 1 in Necromancy
 31686 | D:14     | Reached skill level 16 in Unarmed Combat
 32053 | D:14     | Found a snail-covered altar of Cheibriados.
 32237 | D:14     | Got a distressingly furry helmet
 32248 | D:14     | Identified the cursed +0 helmet of Qazlal's Condemnation
                  | {Dex+5} (You found it on level 14 of the Dungeon)
 32319 | D:15     | Entered Level 15 of the Dungeon
 33511 | D:15     | Found a staircase to the Depths.
 33801 | Swamp:4  | Entered Level 4 of the Swamp
 34579 | Swamp:4  | Got a jewelled chain mail
 34589 | Swamp:4  | Identified the cursed +1 chain mail "Onimy" {rCorr Int+3}
                  | (You found it on level 4 of the Swamp)
 34992 | Swamp:3  | Reached XP level 17. HP: 107/154 MP: 23/23
 35044 | Swamp:4  | Received a gift from Okawaru
 35045 | Swamp:4  | Found the +8 storm bow {elec}
 35112 | Swamp:4  | Reached skill level 15 in Fighting
 35374 | Swamp:4  | Got a decaying rune of Zot
 35871 | Snake:4  | Entered Level 4 of the Snake Pit
 36302 | Snake:4  | Received a gift from Okawaru
 36408 | Snake:4  | HP: 3/156 [shock serpent/bolt of electricity (27)]
 36416 | Snake:4  | Mangled by a shock serpent

Skill      XL: |  1  2  3  4  5  6  7  8  9 10 11 12 13 14 15 16 17 |
---------------+----------------------------------------------------+-----
Unarmed Combat | 4 5 6 8 9 11 12 13 14 15 16 | 16.6
Fighting       | 4 5 6 7 8 9 10 11 12 13 14 15 | 15.3
Invocations    | 1 2 3 5 6 8 9 10 | 10.0
Armour         | 2 4 6 7 8 9 10 11 | 11.9
Shields        | 3 4 6 8 9 10 11 | 11.6
Throwing       | 1 |  1.0
Evocations     | 4 6 7 8 9 |  9.5
Dodging        | 4 |  4.2
Necromancy     | 2 |  2.5
Stealth        | |  2.1

Action                   |  1- 3 |  4- 6 |  7- 9 | 10-12 | 13-15 | 16-18 || total
-------------------------+-------+-------+-------+-------+-------+-------++-------
Melee: Unarmed           |    87 |   115 |   392 |   764 |  1109 |   878 ||  3345
       Punch             |     1 |     8 |     8 |     9 |       |       ||    26
Throw: Javelin           |       |       |       |       |       |     9 ||     9
Invok: Heroism           |       |     2 |    14 |    27 |    52 |    24 ||   119
       Finesse           |       |       |       |     6 |    13 |     3 ||    22
Evoke: Wand              |       |       |       |     1 |       |       ||     1
  Use: Scroll            |       |       |     9 |    13 |    17 |    12 ||    51
       Potion            |       |       |       |     7 |     7 |     1 ||    15
 Stab: Sleeping          |       |     4 |       |       |       |       ||     4
       Confused          |       |       |       |       |     1 |       ||     1
  Eat: Chunk             |    10 |    31 |    49 |    84 |   177 |   129 ||   480
       Ration            |       |       |       |       |     1 |       ||     1
Armor: Robe              |    20 |     3 |       |       |       |       ||    23
       Leather armour    |       |     5 |       |       |       |       ||     5
       Chain mail        |       |     2 |    62 |       |       |       ||    64
       Plate armour      |       |       |    76 |   378 |       |       ||   454
       Scale mail        |       |       |       |    17 |   216 |   165 ||   398
       Crystal plate arm |       |       |       |       |       |     9 ||     9
Dodge: Dodged            |    53 |    57 |   112 |   296 |   485 |   324 ||  1327
Block: Buckler           |       |       |       |   113 |   107 |       ||   220
       Shield            |       |       |       |       |   343 |   446 ||   789
